Map: Ulrena

Players

ENB

  • Race: Protoss Protoss
  • League: Platinum

LilDicky - Winner!

  • Race: Protoss Protoss
  • League: Diamond

VOD

http://www.twitch.tv/tumescentpie

Description

Time

  • Played on: Dec. 13, 2015, 9:24 p.m.
  • Length: 4:19
Show
View Real Time Build Order
Export as new Build Order

ENB Protoss 

Build Orders:  

Get SALT Encoding   

  12  0:01  Probe (Chrono Boost)  
  13  0:12  Probe (Chrono Boost)  
  14  0:17  Pylon  
  14  0:22  Probe (Chrono Boost)  
  15  0:36  Probe (Chrono Boost)  
  15  0:39  Gateway  
  16  0:46  Probe (Chrono Boost)  
  17  0:54  Assimilator  
  17  0:59  Gateway  
  17  1:05  Probe (Chrono Boost)  
  17  1:09  Assimilator  
  18  1:15  Probe (Chrono Boost)  
  19  1:26  Probe (Chrono Boost)  
  19  1:32  Cybernetics Core  
  20  1:37  Probe (Chrono Boost)  
  21  1:42  Pylon  
  21  1:56  Zealot (Chrono Boost)  
  22  2:20  Mothership Core (Chrono Boost)  
  22  2:22  Warp Gate  
  22  2:35  Stalker (Chrono Boost)  
  9  3:47  Pylon  
Show
View Real Time Build Order
Export as new Build Order

LilDicky Protoss - Winner!

Build Orders:  

Get SALT Encoding   

  12  0:05  Probe (Chrono Boost)  
  13  0:15  Probe (Chrono Boost)  
  13  0:19  Pylon  
  14  0:29  Probe (Chrono Boost)  
  15  0:40  Probe (Chrono Boost)  
  16  0:42  Forge  
  16  0:54  Pylon  
  16  0:57  Probe (Chrono Boost)  
  17  1:07  Probe (Chrono Boost)  
  18  1:19  Photon Cannon  
  18  1:21  Probe (Chrono Boost)  
  19  1:31  Probe (Chrono Boost)  
  20  1:40  Photon Cannon  
  20  1:46  Pylon  
  19  1:55  Probe (Chrono Boost)  
  20  2:05  Pylon  
  20  2:15  Photon Cannon  
  20  2:25  Pylon  
  20  2:27  Probe (Chrono Boost)  
  21  2:33  Nexus  
  21  2:38  Photon Cannon  
  21  2:47  Photon Cannon  
  21  2:57  Photon Cannon  
  21  3:02  Probe (Chrono Boost)  
  22  3:07  Assimilator  
  22  3:12  Gateway  
  22  3:29  Pylon  
  22  3:50  Photon Cannon  
  22  4:07  Probe (Chrono Boost)  
  23  4:15  Assimilator  
Tags
 
Add a new tag
Caveats
  • Supply blocks, unpowered buildings, or Contaminate may cause inaccurate times.
  • Supply counts are checked every 10 seconds.